 Dungeon Crawl Stone Soup version 0.29-a0-233-g1125b37a9b (webtiles) character file.

Game seed: 583271116877234982

280 n8rtot the Ruffian (level 6, -1/59 HPs)
             Began as a Troll Berserker on Mar 1, 2022.
             Was a Believer of Trog.
             Slain by a gnoll
             ... wielding a +0 halberd
              (12 damage)
             ... on level 4 of the Dungeon.
             The game lasted 00:13:55 (2452 turns).

n8rtot the Ruffian (Troll Berserker)                Turns: 2452, Time: 00:13:56

Health: -1/59      AC:  4    Str: 28    XL:     6   Next: 5%
Magic:  5/5        EV: 10    Int:  3    God:    Trog [**....]
Gold:   238        SH:  0    Dex:  9    Spells: 5/5 levels left

rFire   . . .      SeeInvis .     - Unarmed
rCold   . . .      Faith    .   (no shield)
rNeg    . . .      Spirit   .   a - +0 animal skin
rPois   .          Reflect  .   (helmet restricted)
rElec   .          Harm     .   (no cloak)
rCorr   .          Rampage  .   (gloves unavailable)
Will    .....                   (boots unavailable)
Stlth   +.........              n - amulet of regeneration
HPRegen 1.79/turn               (no ring)
MPRegen 0.09/turn               (no ring)

@: no status effects
A: large, unfitting armour, claws 3, regeneration 1, shaggy fur 1, tough skin 1
a: Renounce Religion, Berserk, Trog's Hand


You were on level 4 of the Dungeon.
You worshipped Trog.
Trog was pleased with you.
You visited 1 branch of the dungeon, and saw 4 of its levels.

You collected 238 gold pieces.

Inventory:

Hand Weapons
 p - a +0 hunting sling
 s - a +3 long sword
Missiles
 b - 116 stones
 g - 2 throwing nets (quivered)
 q - 6 curare-tipped darts
Armour
 a - a +0 animal skin (worn)
Jewellery
 h - an amulet of guardian spirit
 n - an amulet of regeneration (around neck)
Scrolls
 d - a scroll of blinking {unknown}
 e - 2 scrolls of vulnerability {unknown}
 f - a scroll of fog {unknown}
 j - a scroll of brand weapon {unknown}
 l - a scroll of teleportation {unknown}
 m - a scroll of torment {unknown}
 o - a scroll of enchant armour {unknown}
Potions
 c - a potion of degeneration {unknown}
 i - a potion of cancellation {unknown}
 k - a potion of attraction {unknown}
 r - a potion of heal wounds {unknown}
 t - a potion of brilliance {unknown}
 u - a potion of invisibility {unknown}


   Skills:
 - Level 2.4 Fighting
 + Level 3.8 Dodging
 - Level 0.1 Stealth
 + Level 5.7 Unarmed Combat


You had 5 spell levels left.
You didn't know any spells.
Your spell library contained the following spells:

 Spells                   Type           Power      Damage    Failure   Level
 Borgnjor's Revivificati  Necr           0%         N/A       100%        8
 Necromutation            Tmut/Necr      0%         N/A       100%        8
 Death's Door             Necr           0%         N/A       100%        9


Dungeon Overview and Level Annotations

Branches:
Dungeon (4/15)
 Temple: D:4-7

Altars:
Ashenzari
Dithmenos
Hepliaklqana
Ru
Vehumet
Wu Jian


Innate Abilities, Weirdness & Mutations

You are too large for most types of armour.
You have claws for hands.
Your natural rate of healing is unusually fast.
You are covered in fur. (AC +1)
You have tough skin. (AC +1)


Message History

You kill the gnoll!
Trog accepts your kill. The gnoll barely misses you.
You scratch the gnoll.
The gnoll is heavily wounded.
The gnoll closely misses you. x2
You claw the gnoll!
You kill the gnoll!
Trog accepts your kill.
The gnoll hits you from afar with a +0 halberd!
The iguana hisses menacingly.
The gnoll closely misses you.
Things that are here:
a +0 club; a +0 flail; a gnoll corpse You closely miss the gnoll.
The iguana bites you. The gnoll hits you with a +0 halberd!
The gnoll hits you from afar with a +0 halberd.
There is a stone staircase leading up here.
You barely miss the iguana. The iguana bites you.
The gnoll hits you from afar with a +0 halberd.
You barely miss the iguana. The iguana bites you.
You claw the iguana!
The iguana is severely wounded.
The gnoll hits you but does no damage.
The iguana bites you but does no damage.
You closely miss the iguana.
The iguana is severely wounded.
The gnoll completely misses you. The iguana bites you.
You claw the iguana!
You kill the iguana!
Trog accepts your kill.
The gnoll hits you from afar with a +0 halberd.
You have reached level 6!
You feel stronger. The gnoll hits you with a +0 halberd!
* * * LOW HITPOINT WARNING * * *
Things that are here:
a +0 club; a +0 flail; a gnoll corpse The gnoll hits you from afar with a +0 halberd!
You die...

#.......[.
#.........
+.........
#.........
#.......
.#####.....
.......g.#
#####)###
#....@†.#
..........#
.#........#
........###
##.......
#.....##
+......
###....


You could see a gnoll.

Vanquished Creatures
  A scorpion (D:4)
  A howler monkey (D:2)
  An iguana (D:4)
  6 gnolls
  5 adders
  5 ball pythons
  2 endoplasms (D:2)
  4 giant cockroaches
  6 goblins
  2 hobgoblins
  6 jackals
  3 kobolds
  A quokka (D:2)
  7 bats
  3 frilled lizards
  3 rats
  A spectral kobold (D:1)
57 creatures vanquished.

Notes
Turn   | Place    | Note
-------+----------+-------------------------------------------
     0 | D:1      | n8rtot the Troll Berserker began the quest for the Orb.
     0 | D:1      | Reached XP level 1. HP: 22/22 MP: 0/0
   108 | D:1      | Found a faded altar of an unknown god.
   276 | D:1      | Reached XP level 2. HP: 29/29 MP: 1/1
   611 | D:2      | Reached ** piety under Trog
   679 | D:2      | Reached XP level 3. HP: 30/36 MP: 2/2
   757 | D:2      | Reached skill level 4 in Unarmed Combat
   804 | D:2      | Reached XP level 4. HP: 44/44 MP: 3/3
  1674 | D:3      | Reached XP level 5. HP: 15/50 MP: 4/4
  1750 | D:3      | Found a radiant altar of Vehumet.
  2114 | D:3      | Reached skill level 5 in Unarmed Combat
  2178 | D:3      | Found a hazy altar of Hepliaklqana.
  2182 | D:3      | Found a shadowy altar of Dithmenos.
  2183 | D:3      | Noticed a shadow
  2254 | D:3      | Found a sacrificial altar of Ru.
  2274 | D:3      | Found a broken altar of Ashenzari.
  2335 | D:3      | Found an ornate altar of the Wu Jian Council.
  2451 | D:4      | Reached XP level 6. HP: 22/59 MP: 5/5
  2452 | D:4      | Slain by a gnoll

Illustrated notes

Levels and vault maps discovered:
D:1:      erik_arrival_blinker_ship, layout_rooms,
          dreamdust_ecumenical_altar_drowned_temple, minmay_misc_feat_columns,
          hangedman_decor_opposing, minivault_19, st_stairs_11
D:2:      layout_basic, minivault_27
D:3:      layout_loops_ring, mainiacjoe_overflow_alcove_4,
          nzn_wu_jian_council_hall, riverfiend_overflow_shadow_ancestor,
          mainiacjoe_overflow_swirl
D:4:      layout_basic, grunt_qazlal_clouds, nicolae_shop_sticking_my_neck_out

Skill      XL: |  1  2  3  4  5 |
---------------+----------------+-----
Dodging        | 3 |  3.8
Unarmed Combat | 4 5 |  5.7
Fighting       | |  2.4
Stealth        | |  0.1

Action                   |  1- 3 |  4- 6 || total
-------------------------+-------+-------++-------
Melee: Unarmed           |    87 |    63 ||   150
       Punch             |     1 |     2 ||     3
 Stab: Sleeping          |       |     2 ||     2
Armor: Animal skin       |    44 |    16 ||    60
Dodge: Dodged            |    58 |    40 ||    98

Table legend: (Time is in decaauts)
 A = Elapsed time spent in this place.
 B = Non-inter-level travel time spent in this place.
 C = Inter-level travel time spent in this place.
 D = Time resting spent in this place.
 E = Time spent auto-exploring this place.
 F = Levels seen in this place.
 G = Mean time per level.
                   A        B        C        D        E       F      G
               +--------+--------+--------+--------+--------+-----+--------+
         Total |   2446 |   2446 |      0 |     17 |      0 |   4 |  611.5 |
       Dungeon |   2446 |   2446 |      0 |     17 |      0 |   4 |  611.5 |
               +--------+--------+--------+--------+--------+-----+--------+

Top non-repeatable levels by time:
     D:2: 1003 daAuts
     D:3: 889 daAuts
     D:1: 536 daAuts
     D:4: 17 daAuts
